 Dungeon Crawl Stone Soup version bcrawl-1.20 (webtiles) character file.

Game seed: 16872111632871103565

82 Mrkan the Ruffian (level 4, -2/45 HPs)
             Began as a Troll Fighter on Jan 17, 2020.
             Killed by nerve-wracking pain
             ... invoked by a shadow imp
              (12 damage)
             ... on level 2 of the Dungeon.
             The game lasted 00:02:31 (1343 turns).

Mrkan the Ruffian (Troll Fighter)                   Turns: 1343, Time: 00:02:32

Health: -2/45      AC:  5    Str: 24    XL:     4   Next: 21%
Magic:  3/3        EV: 13    Int:  5    God:
Gold:   183        SH:  9    Dex: 15    Spells: 3/3 levels left

rFire    . . .     SeeInvis .     - Unarmed
rCold    . . .     Gourm    +   a - +0 shield
rNeg     . . .     Faith    .   (armour unavailable)
rPois    .         Spirit   .   (helmet restricted)
rElec    .         Reflect  .   (no cloak)
rCorr    .         Harm     .   (gloves unavailable)
MR       .....                  (boots unavailable)
Stlth    ++........             (no amulet)
HPRegen  0.55/turn              (no ring)
MPRegen  0.08/turn              (no ring)

@: agile
A: large, almost no armour, unfitting armour, claws 3, fast metabolism 3,
gourmand, regeneration 1, AC +5
a: no special abilities


You were on level 2 of the Dungeon.
You were not hungry.

You visited 1 branch of the dungeon, and saw 3 of its levels.

You collected 183 gold pieces.

Inventory:

Armour
 a - a +0 shield (worn)
Jewellery
 c - an uncursed amulet of guardian spirit {unknown}
Scrolls
 f - 4 scrolls of identify {unknown}
 g - 2 scrolls of remove curse {unknown}
 i - a scroll of immolation {unknown}
 j - a scroll of teleportation {unknown}
Potions
 b - a potion of might
 h - a potion of curing
 k - a potion of flight {unknown}
 l - 2 potions of heal wounds {unknown}
Comestibles
 e - 5 rations {!d}


   Skills:
 + Level 3.1 Fighting
 - Level 2.4 Dodging
 - Level 2.0 Shields
 * Level 3.9 Unarmed Combat


You had 3 spell levels left.
You didn't know any spells.
Your spell library was empty.

Dungeon Overview and Level Annotations

Branches:
Dungeon (3/12)

Altars:
Yredelemnul

Annotations:
D:2 Grinder


Innate Abilities, Weirdness & Mutations

You cannot wear most types of armour.
Your thick skin is tough. (AC +5)
You are too large for most types of armour.
You have claws for hands.
Your metabolism is lightning-fast.
You like to eat raw meat.
Your natural rate of healing is unusually fast.


Message History

The goblin barely misses you.
It was a potion of agility.
You feel agile all of a sudden. The shadow imp completely misses you.
You block Grinder's attack. You block the goblin's attack.
You scratch Grinder.
Grinder is moderately wounded.
You block the shadow imp's attack. You block Grinder's attack.
The goblin closely misses you.
You scratch Grinder.
Grinder is moderately wounded.
You block the shadow imp's attack. Grinder says, "Are you a fish?"
Grinder gestures at you. You resist with significant effort.
You block the goblin's attack.
You barely miss Grinder.
Grinder is moderately wounded.
The shadow imp gestures at you. Pain shoots through your body!
You die...

..#.# ###.##### #.#.######.#
........##.# ##########.########
....#.............#
###.#.###.#######.# #...#...#.#
###.############### #.#####.#.#
###...##......#...... #.....).#.#
#..5@......##.#.####.
#(#####.#.###.#g(5#..#(##.#.####.
#...#...#.##......#..#....>....#.
###.#.###.##..##..#..####.#)##.#.
....#......[.........####.#......
#########.................####.#.
##...####..#........#.....# #...
...........#........#.....# ##.#
..........................# #.#


You could see Grinder, a shadow imp and a goblin.

Vanquished Creatures
  An orc wizard (D:2)
  An ooze (D:1)
  2 worms
  2 leopard geckos
  6 orcs
  4 giant cockroaches
  5 goblins
  4 hobgoblins (D:2)
  A ball python (D:1)
  3 bats
  4 frilled lizards
  A jackal skeleton (D:3)
  2 kobolds
  3 rats
39 creatures vanquished.

Notes
Turn   | Place    | Note
-------+----------+-------------------------------------------
     0 | D:1      | Mrkan the Troll Fighter began the quest for the Orb.
     0 | D:1      | Reached XP level 1. HP: 22/22 MP: 0/0
   215 | D:1      | Reached XP level 2. HP: 29/29 MP: 1/1
   641 | D:2      | Reached XP level 3. HP: 32/36 MP: 2/2
   931 | D:2      | Gained mutation: Your natural rate of healing is unusually
                  | fast. [Troll growth]
   931 | D:2      | Reached XP level 4. HP: 17/45 MP: 3/3
  1015 | D:2      | Found a basalt altar of Yredelemnul.
  1314 | D:3      | Noticed Grinder
  1343 | D:2      | Killed from afar by a shadow imp

Skill      XL: |  1  2  3 |
---------------+----------+-----
Unarmed Combat | 3 |  3.9
Fighting       | 3 |  3.1
Dodging        | |  2.4
Shields        | |  2.0

Action                   |  1- 3 |  4- 6 || total
-------------------------+-------+-------++-------
Melee: Unarmed           |    98 |    33 ||   131
  Use: Potion            |       |     1 ||     1
  Eat: Chunk             |     5 |     2 ||     7
Armor: Skin              |    32 |    10 ||    42
Dodge: Dodged            |    27 |    14 ||    41
Block: Shield            |    27 |    18 ||    45
